AoeStats
← [xCs]PLO_Style

Black Forest

505564584Analyzed
4v4 RM · 21d ago on Sep 10, 2026· 50m 7s· 8 players
Game mode
Random Map
Map size
Large (8 player)
Population
200
Speed
Normal
Resources
Standard
Victory
Conquest
Starting age
Dark Age
Ending age
Imperial Age
RankedLock teamsTeams togetherTeam positionsShared explorationLock speedFull tech treeHidden civsTurbo modeCheats
Victory
Defeat
🇩🇴 Persians · Dominican Republic
1835
+16
🇨🇴 Spanish · Colombia
1761
+19
🇭🇰 Maya · Hong Kong SAR China
1742
+19
🇨🇦 Mongols · Canada
1735
+20
🇦🇷 Mongols · Argentina
1948
-24
🇨🇴 Persians · Colombia
1811
-18
🇦🇷 Teutons · Argentina
1782
-17
🇦🇷 Italians · Argentina
1734
-15
URU | KING RICO
0:39 Loom
9:14 Feudal Age
9:13 Man-at-Arms
11:02 Double-Bit Axe
14:34 Horse Collar
16:28 Fletching
21:09 Castle Age
19:43 Gold Mining
20:58 Crossbowman
21:39 Bodkin Arrow
27:02 Ballistics
27:42 Wheelbarrow
32:08 Town Watch
32:44 Hand Cart
34:44 Bow Saw
38:12 Imperial Age
36:17 Scale Barding Armor
38:09 Chain Barding Armor
38:00 Forging
38:48 Coinage
38:19 Caravan
38:58 Conscription
38:49 Citadels
39:15 Hoardings
39:42 Chemistry
38:19 Capped Ram
40:42 Two-Man Saw
39:43 Heavy Plow
41:17 Masonry
40:37 Pikeman
41:17 Squires
41:18 Scale Mail Armor
41:53 Iron Casting
42:21 Chain Mail Armor
41:28 Halberdier
43:19 Gold Shaft Mining
42:34 Stone Mining
44:51 Plate Mail Armor
45:32 Banking
46:05 Plate Barding Armor
46:39 Blast Furnace
48:20 Plate Barding Armor
48:35 Architecture
HKPDSUCKS
0:27 Loom
13:37 Feudal Age
14:32 Town Watch
26:08 Double-Bit Axe
29:10 Wheelbarrow
29:23 Town Watch
33:22 Castle Age
32:38 Horse Collar
34:18 Bow Saw
34:00 Stone Mining
34:59 Heavy Plow
44:51 Hand Cart
44:30 Gold Mining
44:31 Fletching
44:52 Forging
44:43 Scale Mail Armor
44:12 Crossbowman
44:57 Thumb Ring
48:18 Imperial Age
45:44 Treadmill Crane
46:15 Masonry
46:01 Bodkin Arrow
46:41 Murder Holes
46:07 Pikeman
47:11 Thumb Ring
48:40 Stone Shaft Mining
50:14 Two-Man Saw
48:47 Capped Ram
49:50 Conscription
50:02 Siege Ram
[xCs]PLO_Style
4:02 Loom
11:20 Feudal Age
14:59 Castle Age
13:05 Double-Bit Axe
15:01 Horse Collar
16:14 Bow Saw
23:05 Wheelbarrow
22:32 Heavy Plow
27:33 Hand Cart
30:25 Imperial Age
28:08 Gold Mining
28:09 Stone Mining
28:45 Fletching
28:55 Padded Archer Armor
29:16 Ballistics
29:11 Bloodlines
29:01 Husbandry
29:22 Bodkin Arrow
31:49 Bracer
32:05 Leather Archer Armor
32:51 Chemistry
33:02 Gold Shaft Mining
33:02 Stone Shaft Mining
32:34 Elite Mangudai
33:48 Conscription
35:16 Thumb Ring
36:50 Parthian Tactics
37:50 Masonry
37:19 Capped Ram
47:53 Hoardings
50:04 Onager
Tintin
8:54 Loom
11:17 Feudal Age
15:28 Castle Age
13:47 Double-Bit Axe
16:40 Horse Collar
25:10 Bow Saw
27:52 Wheelbarrow
28:12 Heavy Plow
32:54 Imperial Age
32:11 Bloodlines
32:02 Husbandry
32:26 Gold Mining
33:53 Scale Barding Armor
33:09 Cavalier
34:52 Chemistry
35:01 Chain Barding Armor
35:02 Conscription
35:15 Hand Cart
35:33 Forging
35:46 Paladin
37:20 Plate Barding Armor
39:01 Iron Casting
38:59 Coinage
39:24 Caravan
40:34 Banking
41:51 Two-Man Saw
41:04 Guilds
41:24 Onager
46:03 Blast Furnace
44:53 Fletching
45:49 Supremacy
46:06 Hoardings
45:44 Masonry
45:55 Ballistics
45:31 Murder Holes
47:19 Bodkin Arrow
47:55 Architecture
47:58 Stone Mining
50:41 Bracer
51:05 Bombard Tower
Matazombies
8:52 Feudal Age
9:26 Double-Bit Axe
16:34 Wheelbarrow
20:48 Castle Age
18:53 Horse Collar
20:14 Scale Barding Armor
24:09 Bow Saw
23:59 Heavy Plow
26:41 Gold Mining
27:17 Pikeman
30:41 Chain Barding Armor
36:03 Imperial Age
33:45 Husbandry
33:58 Bloodlines
34:02 Loom
35:39 Cavalier
36:56 Plate Barding Armor
36:32 Forging
36:53 Conscription
37:04 Savar
39:43 Iron Casting
42:32 Blast Furnace
41:01 Pikeman
41:42 Squires
43:13 Scale Mail Armor
45:18 Arson
45:51 Chain Mail Armor
46:12 Hand Cart
46:45 Gambesons
47:31 Plate Mail Armor
48:49 Halberdier
~BroKen~
4:17 Loom
9:28 Feudal Age
11:29 Fletching
25:45 Wheelbarrow
27:18 Castle Age
25:26 Double-Bit Axe
25:23 Horse Collar
26:29 Gold Mining
27:02 Town Watch
27:52 Wheelbarrow
28:24 Bow Saw
31:08 Heavy Plow
33:50 Hand Cart
35:16 Stone Mining
39:18 Imperial Age
37:36 Scale Barding Armor
37:42 Forging
38:54 Chain Barding Armor
39:47 Iron Casting
39:26 Bloodlines
39:09 Town Watch
39:19 Cavalier
41:03 Coinage
40:47 Fortified Wall
41:26 Masonry
42:27 Plate Barding Armor
42:53 Blast Furnace
42:47 Squires
42:33 Arson
42:57 Paladin
43:39 Pikeman
44:05 Gambesons
Bandolero
0:27 Loom
10:58 Feudal Age
14:20 Double-Bit Axe
20:06 Fletching
49:15 Castle Age
Lea
7:59 Feudal Age
9:00 Loom
9:28 Double-Bit Axe
9:24 Horse Collar
15:28 Forging
18:15 Scale Barding Armor
21:34 Castle Age
22:36 Bow Saw
23:13 Wheelbarrow
26:31 Hand Cart
33:38 Imperial Age
31:23 Stone Mining
31:24 Gold Mining
32:20 Fletching
33:03 Bodkin Arrow
33:29 Ballistics
33:35 Padded Archer Armor
34:18 Bloodlines
34:08 Husbandry
35:14 Conscription
35:42 Bracer
35:13 Capped Ram
37:41 Chemistry
36:56 Elite Mangudai
38:10 Thumb Ring
38:39 Leather Archer Armor
38:50 Parthian Tactics
38:36 Onager
38:44 Onager
40:42 Siege Ram
41:56 Drill
43:51 Siege Engineers
Connection lost

Rejoining the realm…

Still unreachable

The connection could not be restored.

Session expired

The server has moved on; the page needs a fresh start.